 Dungeon Crawl Stone Soup version 0.25-a0-310-g60f0ac2 (webtiles) character file.

Game seed: 7218479571848186529, levelgen mode: deterministic

89 Blackhawk the Skirmisher (level 4, 0/37 HPs)
             Began as a Formicid Abyssal Knight on Dec 23, 2019.
             Was a Believer of Lugonu.
             Slain by an orc priest
             ... wielding a +0 club
              (1 damage)
             ... on level 3 of the Dungeon.
             The game lasted 00:03:11 (2867 turns).

Blackhawk the Skirmisher (Formicid Abyssal Knight)  Turns: 2867, Time: 00:03:12

Health: 0/37       AC:  8    Str: 17    XL:     4   Next: 84%
Magic:  6/6        EV:  7    Int: 12    God:    Lugonu [**....]
Gold:   74         SH:  0    Dex: 10    Spells: 3/3 levels left

rFire    . . .     SeeInvis +   a - +1 hand axe
rCold    . . .     Gourm    .   (no shield)
rNeg     + . .     Faith    .   h - +0 chain mail
rPois    .         Spirit   .   (helmet unavailable)
rElec    .         Reflect  .   (no cloak)
rCorr    .         Harm     .   (no gloves)
MR       .....                  (no boots)
Stlth    ..........             (no amulet)
HPRegen  0.12/turn              m - ring of positive energy
MPRegen  0.10/turn              (no ring)

@: lightly drained
A: permanent stasis, dig shafts and tunnels, four strong arms, antennae 3
a: Dig, Shaft Self, Depart the Abyss, Bend Space, Renounce Religion


You were on level 3 of the Dungeon.
You worshipped Lugonu.
Lugonu was pleased with you.
You were hungry.

You visited 1 branch of the dungeon, and saw 3 of its levels.
You visited the Abyss 1 time.

You collected 74 gold pieces.

Inventory:

Hand Weapons
 a - a +1 hand axe (weapon)
Armour
 b - a +0 leather armour
 h - a +0 chain mail (worn)
Jewellery
 d - an uncursed ring of ice
 m - a ring of positive energy (left hand)
Scrolls
 e - 2 scrolls of identify {unknown}
 f - a scroll of enchant weapon {unknown}
 i - 2 scrolls of teleportation {unknown}
 p - a scroll of fog {unknown}
 q - a scroll of remove curse {unknown}
Potions
 g - a potion of brilliance {unknown}
 j - 3 potions of mutation {unknown}
 k - 2 potions of cancellation {unknown}
 l - a potion of lignification {unknown}
 n - 2 potions of berserk rage {unknown}
 o - a potion of agility {unknown}
Comestibles
 c - 2 rations


   Skills:
 + Level 3.9(3.5) Fighting
 + Level 2.7(2.4) Axes
 + Level 3.0(2.7) Armour
 + Level 1.7(1.4) Dodging
 + Level 3.0(2.7) Invocations


You had 3 spell levels left.
You didn't know any spells.
Your spell library was empty.

Dungeon Overview and Level Annotations

Branches:
Dungeon (3/15)

Altars:
Yredelemnul


Innate Abilities, Weirdness & Mutations

You cannot be hasted, slowed, berserked, paralysed or teleported.
You can dig through walls and to a lower floor.
Your four strong arms can wield two-handed weapons with a shield.
You have a pair of large antennae on your head. (SInv)


Message History

The orc priest hits you with a +0 club.
You closely miss the orc priest.
The orc priest is almost dead.
The orc priest hits you with a +0 club.
You hit the orc priest but do no damage.
The orc priest is almost dead.
The orc priest hits you but does no damage.
You hit the orc priest but do no damage.
The orc priest is almost dead.
The orc priest begins to cast a cantrip, but forgets the words!
You hit the orc priest.
The orc priest is almost dead.
The orc priest calls down the wrath of Beogh upon you.
Beogh smites you!
* * * LOW HITPOINT WARNING * * *
You hear a shout!
You closely miss the orc priest.
The orc priest is almost dead.
The orc priest hits you with a +0 club.
You die...

#######...<#.# #........
#........###.######........
#....#.....................
#....#.#.###...............
#....#.#.###.........{.....
#.####.#...................
#.# #.#..).####.##........
#.####.#....# ##o#........
#......#....# #@##..$.....
########....# ####..(.....
...)........# #........
########....# #........
###.#+#### #........
#........# #........#
#........# #........#


You could see an orc priest.

Vanquished Creatures
  2 adders (D:3)
  An ooze (D:2)
  A worm (D:2)
  2 dart slugs
  2 leopard geckos
  An orc (D:3)
  3 giant cockroaches
  6 goblins
  11 hobgoblins
  7 kobolds
  2 quokkas (D:2)
  5 bats
  5 frilled lizards
  8 rats
56 creatures vanquished.

Notes
Turn   | Place    | Note
-------+----------+-------------------------------------------
     0 | Abyss:1  | Blackhawk the Formicid Abyssal Knight began the quest for
                  | the Orb.
     0 | Abyss:1  | Reached XP level 1. HP: 18/18 MP: 2/2
    12 | Abyss:1  | Found a corrupted altar of Lugonu.
    20 | Abyss:1  | Found a corrupted altar of Lugonu.
   704 | Abyss:1  | Noticed an apocalypse crab
   704 | Abyss:1  | Noticed a small abomination
   705 | D:1      | Escaped the Abyss
   883 | D:1      | Reached skill level 1 in Dodging
   976 | D:1      | Reached XP level 2. HP: 21/24 MP: 3/3
  1231 | D:1      | Reached * piety under Lugonu
  1231 | D:1      | Reached XP level 3. HP: 28/29 MP: 4/4
  2132 | D:2      | Reached XP level 4. HP: 37/37 MP: 6/6
  2484 | D:2      | Found a basalt altar of Yredelemnul.
  2639 | D:2      | Reached ** piety under Lugonu
  2866 | D:3      | HP: 1/37 [orc priest/divine providence (14)]
  2867 | D:3      | Slain by an orc priest

Levels and vault maps discovered:
D:1:      sevenhm_arrival_forest_fort_large_4, layout_basic
D:2:      layout_loops_ring, lemuel_round_altar
D:3:      layout_basic, minmay_lizard_king

Skill      XL: |  1  2  3  4 |
---------------+-------------+-----
Dodging        | 1 |  1.7
Invocations    | 3 |  3.0
Armour         | 3 |  3.0
Fighting       | |  3.9
Axes           | |  2.7

Action                   |  1- 3 |  4- 6 || total
-------------------------+-------+-------++-------
Melee: Hand axe          |   115 |    90 ||   205
Invok: Depart the Abyss  |     1 |       ||     1
 Abil: Dig               |       |     2 ||     2
  Eat: Chunk             |     4 |     2 ||     6
Armor: Chain mail        |    64 |    64 ||   128
       Leather armour    |     1 |       ||     1
Dodge: Dodged            |    39 |    30 ||    69

Table legend:
 A = Non-vault XP
 B = Vault XP
 C = Vault XP percentage of total XP
 D = Non-vault monster count
 E = Vault monster count
 F = Vault count percentage of total count
                 A         B        C        D         E       F
            +---------+---------+-------+---------+---------+-------
      Total |     128 |       0 |   0.0 |      56 |       0 |   0.0
            +---------+---------+-------+---------+---------+-------
        D:1 |      37 |       0 |   0.0 |      22 |       0 |   0.0
        D:2 |      54 |       0 |   0.0 |      27 |       0 |   0.0
        D:3 |      37 |       0 |   0.0 |       7 |       0 |   0.0
            +---------+---------+-------+---------+---------+-------
